[Event "ICC tourney 2532 (25 5)"]
[Site "Internet Chess Club"]
[Date "2021.04.24"]
[Round "4"]
[White "TAHMASSEBI, BIJAN:K12-14989940"]
[Black "OSKIPER, CONSTANTINE:K12-14338863"]
[Result "0-1"]
[ICCResult "White resigns"]
[WhiteElo "2174"]
[BlackElo "1909"]
[Opening "French: Tarrasch, closed variation, main line"]
[ECO "C06"]
[NIC "FR.17"]
[Time "17:06:21"]
[PlyCount "124"]
[TimeControl "1500+5"]

1. e4 e6 2. d4 d5 3. Nd2 Nf6 4. e5 Nfd7 5. Bd3 c5 6. c3 Nc6 7. Ne2 cxd4 8.
cxd4 f6 9. exf6 Nxf6 10. O-O Bd6 11. Nf3 O-O 12. Bg5 Bd7 13. Rc1 Be8 14.
Re1 Bh5 15. Ng3 Bxf3 16. Qxf3 Nxd4 17. Qd1 Qb6 18. Be3 e5 19. Nf5 Bc5 20.
a3 a5 21. Kh1 a4 22. f4 e4 23. Bb1 Nxf5 24. Bxc5 Qxb2 25. Bxf8 Rxf8 26.
Qxa4 Ng4 27. Rc2 Qb6 28. Ba2 Qh6 29. Bxd5+ Kh8 30. g3 Nxg3+ 31. Kg1 Qb6+
32. Kg2 Qh6 33. hxg3 Qh2+ 34. Kf1 Qh1+ 35. Ke2 Qf3+ 36. Kd2 e3+ 37. Kc1
Qxd5 38. Qb4 Rd8 39. Qe7 Nf2 40. Rxe3 Qd1+ 41. Kb2 Nd3+ 42. Rxd3 Qxd3 43.
Qe1 h6 44. Rc7 Qb5+ 45. Qb4 Qe2+ 46. Rc2 Qf3 47. Qb3 Qe4 48. Qb6 Rd3 49.
Qf2 Qa4 50. Qc5 Rb3+ 51. Ka2 Rxa3+ 52. Qxa3 Qxc2+ 53. Qb2 Qxb2+ 54. Kxb2 h5
55. Kc3 Kh7 56. Kd4 Kg6 57. Ke5 b5 58. Kd5 b4 59. Kc4 Kf5 60. Kxb4 Kg4 61.
Kc5 Kxg3 62. f5 Kf4 { White resigns } 0-1

[Event "ICC tourney 2532 (25 5)"]
[Site "Internet Chess Club"]
[Date "2021.04.24"]
[Round "4"]
[White "BENDRE, SOHAN ANUP:K12-14940058"]
[Black "XIAO, EDWARD:K12-15784954"]
[Result "0-1"]
[ICCResult "White resigns"]
[WhiteElo "1525"]
[BlackElo "1942"]
[Opening "French: Burn variation"]
[ECO "C11"]
[NIC "FR.05"]
[Time "17:05:52"]
[PlyCount "46"]
[TimeControl "1500+5"]

1. e4 e6 2. d4 d5 3. Nc3 Nf6 4. Bg5 dxe4 5. Nxe4 Be7 6. Nxf6+ Bxf6 7. Bxf6
Qxf6 8. Nf3 O-O 9. c3 Rd8 10. Qc2 Nd7 11. Bd3 h6 12. O-O c5 13. Qe2 cxd4
14. Nxd4 Nc5 15. Bc2 b6 16. Rfe1 Ba6 17. Qe3 Bb7 18. Rad1 Rd5 19. b4 Rg5
20. f3 Na6 21. Be4 Qe7 22. Bxb7 Qxb7 23. Nb5 Rxb5 { White resigns } 0-1

[Event "ICC tourney 2532 (25 5)"]
[Site "Internet Chess Club"]
[Date "2021.04.24"]
[Round "4"]
[White "GNANAKUMAR, SATHYA:K12-14762706"]
[Black "CHUNG, CHRISTOPHER:K12-16687538"]
[Result "1/2-1/2"]
[ICCResult "Game drawn by repetition"]
[WhiteElo "1960"]
[BlackElo "1732"]
[Opening "Ruy Lopez: Berlin defense"]
[ECO "C65"]
[NIC "RL.07"]
[Time "17:06:46"]
[PlyCount "91"]
[TimeControl "1500+5"]

1. e4 e5 2. Nf3 Nc6 3. Bb5 Nf6 4. d3 Bc5 5. O-O d6 6. h3 O-O 7. c3 h6 8.
Re1 Bd7 9. Nbd2 a6 10. Ba4 Re8 11. Nf1 Ba7 12. Be3 Bxe3 13. Nxe3 b5 14. Bb3
Ne7 15. Rc1 Ng6 16. Bc2 c5 17. d4 Rc8 18. dxe5 dxe5 19. Qd2 Be6 20. Rcd1
Qb6 21. Nd5 Bxd5 22. exd5 Rcd8 23. Bxg6 Rxd5 24. Bxf7+ Kxf7 25. Qc2 Rxd1
26. Qxd1 Qc7 27. a4 c4 28. Qe2 e4 29. Nd4 Qb6 30. axb5 axb5 31. Qe3 Kg8 32.
Qg3 Qb7 33. Nf5 Qd7 34. Nxh6+ Kh7 35. Ng4 Nxg4 36. hxg4 Qd2 37. Qh4+ Kg8
38. Re3 Qxb2 39. Rh3 Qc1+ 40. Kh2 Qf4+ 41. Kg1 Qc1+ 42. Kh2 Qf4+ 43. Kg1
Qc1+ 44. Kh2 Qf4+ 45. Kg1 Qc1+ 46. Kh2 { Game drawn by repetition } 1/2-1/2

[Event "ICC tourney 2532 (25 5)"]
[Site "Internet Chess Club"]
[Date "2021.04.24"]
[Round "4"]
[White "DUSK RUBENSTEIN, OLIVER:K12-14452644"]
[Black "TRSTENJACK, NOAH:K12-16996473"]
[Result "0-1"]
[ICCResult "White checkmated"]
[WhiteElo "660"]
[BlackElo "1241"]
[Opening "Nimzo-Indian: classical, 4...c5"]
[ECO "E38"]
[NIC "NI.22"]
[Time "17:07:18"]
[PlyCount "66"]
[TimeControl "1500+5"]

1. d4 Nf6 2. c4 e6 3. Nc3 Bb4 4. Qc2 c5 5. dxc5 Bxc5 6. Nf3 Nc6 7. Bg5 h6
8. Bh4 g5 9. Bg3 Nh5 10. e3 Nxg3 11. hxg3 f5 12. Bd3 d6 13. a3 Bd7 14. b4
Bb6 15. Nb5 Qe7 16. O-O-O a6 17. Nbd4 O-O-O 18. b5 Nxd4 19. Nxd4 axb5 20.
Nxb5 Kb8 21. a4 Rc8 22. Kd2 Bxb5 23. axb5 d5 24. Qa2 Rhd8 25. cxd5 Rxd5 26.
Ke2 Rcd8 27. Rxh6 Qg7 28. Rhh1 f4 29. gxf4 gxf4 30. Rh7 Qxg2 31. Bc2 Qg4+
32. Ke1 Rxd1+ 33. Bxd1 Rxd1# { White checkmated } 0-1

[Event "ICC tourney 2532 (25 5)"]
[Site "Internet Chess Club"]
[Date "2021.04.24"]
[Round "4"]
[White "CHENG, ERIC:K12-16921202"]
[Black "S BHARGAVA, YASH:K12-16100156"]
[Result "0-1"]
[ICCResult "White checkmated"]
[WhiteElo "1361"]
[BlackElo "1772"]
[Opening "Giuoco Piano"]
[ECO "C54"]
[NIC "IG.02"]
[Time "17:06:20"]
[PlyCount "106"]
[TimeControl "1500+5"]

1. e4 e5 2. Nf3 Nc6 3. Bc4 Bc5 4. c3 Nf6 5. d4 exd4 6. cxd4 Bb4+ 7. Bd2
Bxd2+ 8. Nbxd2 d5 9. exd5 Nxd5 10. O-O O-O 11. Re1 Be6 12. Nb3 Rb8 13. a4
a5 14. Nc5 Bg4 15. Be2 Ndb4 16. Rc1 Re8 17. Qb3 Bxf3 18. Bxf3 Nxd4 19.
Rxe8+ Qxe8 20. Qe3 Nxf3+ 21. Qxf3 c6 22. Qe4 Qxe4 23. Nxe4 Rd8 24. Nc5 b6
25. Ne4 f6 26. f3 Kf7 27. Re1 Rd4 28. Kf2 Nd3+ 29. Ke3 Rxe4+ 30. fxe4 Nxe1
31. g3 Ke6 32. h3 Ke5 33. Ke2 Nc2 34. Kd3 Nb4+ 35. Ke3 c5 36. b3 Na2 37.
Kd3 h5 38. Ke3 Nc1 39. Kd2 Nxb3+ 40. Kc3 Nd4 41. Kd3 Nf3 42. Ke3 Ng1 43. h4
c4 44. Kf2 c3 45. Kxg1 c2 46. Kf2 c1=Q 47. Kf3 Qc3+ 48. Kf2 Kxe4 49. Kg2
Qf3+ 50. Kh3 Qg4+ 51. Kg2 Ke3 52. Kh2 Kf2 53. Kh1 Qh3# { White checkmated }
0-1

[Event "ICC tourney 2532 (25 5)"]
[Site "Internet Chess Club"]
[Date "2021.04.24"]
[Round "4"]
[White "KINDY, DANIEL:K12-16972036"]
[Black "XAVIER MARTINEZ, HECTOR:K12-14499157"]
[Result "0-1"]
[ICCResult "White checkmated"]
[WhiteElo "707"]
[BlackElo "1436"]
[Opening "Sicilian: Smith-Morra gambit"]
[ECO "B21"]
[NIC "SI.48"]
[Time "17:06:33"]
[PlyCount "112"]
[TimeControl "1500+5"]

1. e4 c5 2. d4 cxd4 3. Qxd4 Nc6 4. Qd2 Nf6 5. Nc3 g6 6. Nf3 d6 7. g3 Bg7 8.
Bg2 O-O 9. O-O Bg4 10. Qe3 a6 11. b3 b5 12. Bb2 Nxe4 13. Qxe4 Bxf3 14. Qxf3
b4 15. Qxc6 bxc3 16. Bxc3 Rc8 17. Qxa6 Bxc3 18. Rad1 Bg7 19. Qe2 Re8 20. c4
Qa5 21. Rb1 Rc7 22. b4 Qa4 23. Rfc1 Ra7 24. Rc2 Kf8 25. b5 Rc8 26. b6 Ra5
27. b7 Rb8 28. Rbc1 Rc5 29. Qd1 Qa6 30. Rb1 Ra5 31. Qe2 Ra4 32. c5 Qxe2 33.
Rxe2 dxc5 34. Rc2 Bd4 35. Bc6 Ra6 36. Bd7 e6 37. a4 Ke7 38. Bc8 Rxa4 39.
Kg2 Ra7 40. Kf3 h6 41. g4 Ra4 42. h4 c4 43. Rd1 e5 44. g5 h5 45. Ke4 c3 46.
f3 Rb4 47. f4 Bf2+ 48. Kxe5 Bxh4 49. Rxc3 Rb5+ 50. Ke4 Rb4+ 51. Ke5 Rb5+
52. Rd5 Rxd5+ 53. Kxd5 Bf2 54. Ke5 h4 55. Rc7+ Ke8 56. Kf6 Bd4# { White
checkmated } 0-1

[Event "ICC tourney 2532 (25 5)"]
[Site "Internet Chess Club"]
[Date "2021.04.24"]
[Round "4"]
[White "BENJAMIN JONES, JACOB:K12-16585267"]
[Black "SARTORIO, WILLIAM:K12-14715380"]
[Result "1-0"]
[ICCResult "Black resigns"]
[WhiteElo "1891"]
[BlackElo "2063"]
[Opening "Sicilian defense"]
[ECO "B40"]
[NIC "SI.43"]
[Time "17:07:04"]
[PlyCount "79"]
[TimeControl "1500+5"]

1. e4 c5 2. Nf3 e6 3. d3 Nc6 4. g3 g6 5. Bg2 Bg7 6. O-O Nge7 7. c3 d5 8.
Nbd2 O-O 9. Re1 b6 10. Qe2 Bb7 11. Nf1 Qc7 12. e5 Rac8 13. h4 Rfd8 14. Bf4
Ba6 15. N1h2 h5 16. Ng5 Nf5 17. Bh3 Nce7 18. Qd2 b5 19. g4 hxg4 20. Nxg4
Nc6 21. Nf6+ Bxf6 22. exf6 e5 23. Bxf5 gxf5 24. Qe2 Qd6 25. Bxe5 Nxe5 26.
Qxe5 Qxe5 27. Rxe5 d4 28. cxd4 Rxd4 29. Rae1 Rf8 30. Nf3 Rxd3 31. Rxf5 Bb7
32. Rg5+ Kh7 33. Ne5 Rh3 34. f3 Rg8 35. Nxf7 Rg3+ 36. Kh2 Rxf3 37. Re7 Rf2+
38. Kh3 Rf3+ 39. Kg4 Rxf6 40. Rxb7 { Black resigns } 1-0

[Event "ICC tourney 2532 (25 5)"]
[Site "Internet Chess Club"]
[Date "2021.04.24"]
[Round "4"]
[White "SAXE, ERIC:K12-15062745"]
[Black "LENCZ, ETHAN:K12-15209290"]
[Result "1-0"]
[ICCResult "Black checkmated"]
[WhiteElo "412"]
[BlackElo "1070"]
[Opening "Sicilian: Alapin's variation (2.c3)"]
[ECO "B22"]
[NIC "SI.46"]
[Time "17:06:24"]
[PlyCount "95"]
[TimeControl "1500+5"]

1. e4 c5 2. c3 d6 3. d4 Nf6 4. Bd3 Nc6 5. Nf3 Bg4 6. Be3 g6 7. d5 Ne5 8.
Nxe5 Bxd1 9. Bb5+ Qd7 10. Nxd7 Nxd7 11. Bxd7+ Kxd7 12. Kxd1 Bg7 13. Nd2 b5
14. Rb1 Rhb8 15. f3 a5 16. c4 b4 17. b3 a4 18. Ke2 axb3 19. axb3 Ra2 20.
Kd3 Rba8 21. h3 h6 22. g4 g5 23. h4 f6 24. Nf1 Rg2 25. hxg5 fxg5 26. Rh2
Rxh2 27. Nxh2 Be5 28. Nf1 Ra1 29. Rxa1 Bxa1 30. Ng3 Bg7 31. f4 e6 32. fxg5
hxg5 33. Bxg5 Be5 34. Nh5 exd5 35. exd5 Ke8 36. Bf4 Bxf4 37. Nxf4 Ke7 38.
Ke4 Kf6 39. Ne6 Kg6 40. g5 Kf7 41. Kf5 Kg8 42. g6 Kh8 43. g7+ Kh7 44. Kg5
Kg8 45. Kf6 Kh7 46. Kf7 Kh6 47. g8=Q Kh5 48. Qg5# { Black checkmated } 1-0

[Event "ICC tourney 2532 (25 5)"]
[Site "Internet Chess Club"]
[Date "2021.04.24"]
[Round "4"]
[White "M LANCMAN, KALEB:K12-15146036"]
[Black "SHAHIR, PRATYUSH:K12-15111678"]
[Result "1-0"]
[ICCResult "Black checkmated"]
[WhiteElo "1839"]
[BlackElo "1295"]
[Opening "Queen's pawn, Mason variation"]
[ECO "D00"]
[NIC "QP.08"]
[Time "17:07:24"]
[PlyCount "117"]
[TimeControl "1500+5"]

1. d4 d5 2. Bf4 Nf6 3. e3 Bf5 4. c4 c6 5. Qb3 Qb6 6. c5 Qxb3 7. axb3 Bxb1
8. Rxb1 Nbd7 9. b4 b6 10. b5 Rc8 11. bxc6 Rxc6 12. Bb5 Rc8 13. c6 e6 14.
cxd7+ Nxd7 15. Nf3 Bb4+ 16. Kd1 Ke7 17. Rc1 Rxc1+ 18. Kxc1 Rc8+ 19. Kb1 h6
20. Rc1 Rxc1+ 21. Kxc1 f6 22. Bxd7 Kxd7 23. Kc2 Kc6 24. Kb3 Kb5 25. Ng1 a5
26. Ne2 a4+ 27. Kc2 Kc4 28. Bg3 g5 29. f3 a3 30. bxa3 Bxa3 31. h4 b5 32. h5
b4 33. Nc1 Bxc1 34. Kxc1 Kd3 35. Be1 b3 36. Bb4 Kxe3 37. Bf8 Kxd4 38. Bxh6
Kc3 39. Bg7 b2+ 40. Kb1 d4 41. Bxf6 Kc4 42. Bxd4 Kxd4 43. h6 e5 44. h7 e4
45. fxe4 Kxe4 46. h8=Q g4 47. Qxb2 g3 48. Qe2+ Kf4 49. Qf3+ Kg5 50. Qxg3+
Kf5 51. Kc2 Ke4 52. Qf2 Ke5 53. g4 Ke4 54. g5 Ke5 55. g6 Ke6 56. g7 Ke7 57.
g8=Q Kd7 58. Qd5+ Ke7 59. Qff7# { Black checkmated } 1-0

[Event "ICC tourney 2532 (25 5)"]
[Site "Internet Chess Club"]
[Date "2021.04.24"]
[Round "4"]
[White "SIVAKUMAR, NIKHIL:K12-15397264"]
[Black "WHITE, GABRIEL:K12-14675560"]
[Result "0-1"]
[ICCResult "White checkmated"]
[WhiteElo "1464"]
[BlackElo "1889"]
[Opening "Sicilian: Smith-Morra gambit"]
[ECO "B21"]
[NIC "SI.47"]
[Time "17:06:14"]
[PlyCount "86"]
[TimeControl "1500+5"]

1. e4 c5 2. d4 cxd4 3. c3 Nf6 4. e5 Nd5 5. cxd4 d6 6. Nc3 Nxc3 7. bxc3 dxe5
8. dxe5 Qa5 9. Nf3 Nc6 10. Qb3 Be6 11. Qxb7 Qxc3+ 12. Nd2 Rb8 13. Qa6 Qxa1
14. Qxc6+ Bd7 15. Qc2 Rc8 16. Nc4 e6 17. Bd3 Bb4+ 18. Ke2 Qd4 19. Rd1 Qg4+
20. Kf1 Qh5 21. Bf4 O-O 22. Be2 Qh4 23. Bg3 Qe7 24. Qd3 Bb5 25. Qb3 Qc5 26.
Nd6 Bxe2+ 27. Kxe2 Qc2+ 28. Kf1 Qxb3 29. axb3 Rc3 30. Ra1 a5 31. Rb1 Rb8
32. Ke2 a4 33. f4 Rxb3 34. Ra1 a3 35. f5 Bc3 36. fxe6 fxe6 37. Ra2 Rb2+ 38.
Kd3 Rxa2 39. Kxc3 Rab2 40. Nc4 R2b3+ 41. Kc2 a2 42. Be1 a1=Q 43. Bd2 Qb1# {
White checkmated } 0-1

[Event "ICC tourney 2532 (25 5)"]
[Site "Internet Chess Club"]
[Date "2021.04.24"]
[Round "4"]
[White "KUNG, THOMAS:K12-14583075"]
[Black "KOZINTSEV, DANIEL:K12-14508214"]
[Result "1-0"]
[ICCResult "Black resigns"]
[WhiteElo "2293"]
[BlackElo "755"]
[Opening "Caro-Kann: advance variation"]
[ECO "B12"]
[NIC "CK.04"]
[Time "17:07:06"]
[PlyCount "87"]
[TimeControl "1500+5"]

1. e4 c6 2. d4 d5 3. e5 Bf5 4. Nf3 e6 5. Be2 c5 6. Be3 Qb6 7. Nc3 Nc6 8.
O-O Qxb2 9. Qe1 cxd4 10. Bxd4 Nxd4 11. Nxd4 Bb4 12. Rb1 Bxc3 13. Rxb2 Bxe1
14. Rxe1 b6 15. Nxf5 exf5 16. a4 Ne7 17. Bb5+ Kf8 18. a5 a6 19. Bd7 b5 20.
Rb3 Ra7 21. e6 Rc7 22. Ree3 d4 23. Re2 g6 24. Rd3 Kg7 25. Rxd4 Rd8 26. Rd3
fxe6 27. Red2 Nc6 28. Bxe6 Rxd3 29. Rxd3 Nb4 30. Rd7+ Rxd7 31. Bxd7 Nxc2
32. Bxb5 Nb4 33. Bc4 Kf6 34. f4 h6 35. Kf2 g5 36. Ke3 gxf4+ 37. Kxf4 h5 38.
h4 Kg6 39. Be2 Nc6 40. Bf3 Nxa5 41. Bd5 Kf6 42. g3 Kg6 43. Ke5 f4 44. gxf4
{ Black resigns } 1-0

[Event "ICC tourney 2532 (25 5)"]
[Site "Internet Chess Club"]
[Date "2021.04.24"]
[Round "4"]
[White "JIANG, LEO:K12-14738650"]
[Black "KUSHALNAGAR, NIRUPAM:K12-17349316"]
[Result "0-1"]
[ICCResult "White resigns"]
[WhiteElo "1871"]
[BlackElo "1328"]
[Opening "Queen's gambit declined"]
[ECO "D30"]
[NIC "QP.08"]
[Time "17:06:31"]
[PlyCount "76"]
[TimeControl "1500+5"]

1. d4 d5 2. c4 e6 3. Nf3 Nf6 4. g3 c6 5. Nbd2 Bd6 6. Bg2 O-O 7. O-O Nbd7 8.
Qc2 Re8 9. e4 dxe4 10. Nxe4 Nxe4 11. Qxe4 Nf6 12. Qc2 c5 13. Rd1 Qc7 14. b3
cxd4 15. Nxd4 a6 16. Bb2 e5 17. Nf5 Bc5 18. h3 e4 19. Nd4 e3 20. Re1 exf2+
21. Qxf2 Bd7 22. Kh1 Bd6 23. Ne2 Nh5 24. g4 Ng3+ 25. Nxg3 Bxg3 26. Qd4 f6
27. Bd5+ Kh8 28. Rxe8+ Rxe8 29. Qxf6 Bc6 30. Qf3 Be5 31. Bxe5 Qxe5 32. Rf1
h6 33. Bxc6 bxc6 34. Qxc6 Qe2 35. Qg2 Qd3 36. Rf2 Re1+ 37. Kh2 Qd6+ 38. Qg3
Rh1+ { White resigns } 0-1

[Event "ICC tourney 2532 (25 5)"]
[Site "Internet Chess Club"]
[Date "2021.04.24"]
[Round "4"]
[White "AKELLA, NITIN:K12-15004804"]
[Black "K ENG, ANDREW:K12-14538963"]
[Result "0-1"]
[ICCResult "White resigns"]
[WhiteElo "1790"]
[BlackElo "1106"]
[Opening "Scotch game"]
[ECO "C45"]
[NIC "SO.05"]
[Time "17:07:19"]
[PlyCount "80"]
[TimeControl "1500+5"]

1. e4 e5 2. Nf3 Nc6 3. d4 exd4 4. Nxd4 Bc5 5. Be3 Bxd4 6. Bxd4 Nf6 7. Nc3
O-O 8. Bc4 d6 9. O-O Re8 10. Bxf6 Qxf6 11. Nd5 Qd8 12. Bd3 Be6 13. f4 Bxd5
14. exd5 Nb4 15. Bb5 c6 16. Bc4 Qb6+ 17. Kh1 Qc5 18. Bb3 Nxd5 19. Qh5 g6
20. Qh6 Ne3 21. Rf3 Nf5 22. Bxf7+ Kxf7 23. Qxh7+ Kf6 24. g4 Re7 25. g5+ Ke6
26. Re1+ Kd7 27. Rxe7+ Nxe7 28. Qh3+ Kc7 29. Qe6 d5 30. Re3 Re8 31. Rb3 b6
32. a4 Qd6 33. Qe3 d4 34. Qf3 Qd5 35. h4 Qxf3+ 36. Rxf3 Nf5 37. Rh3 Re3 38.
Rh2 Kd6 39. h5 gxh5 40. Rxh5 Ng3+ { White resigns } 0-1

[Event "ICC tourney 2532 (25 5)"]
[Site "Internet Chess Club"]
[Date "2021.04.24"]
[Round "4"]
[White "S LALWANI, JAY:K12-14566972"]
[Black "JIN NELSON, MICHAEL:K12-16300942"]
[Result "0-1"]
[ICCResult "White resigns"]
[WhiteElo "1903"]
[BlackElo "1388"]
[Opening "French: Winawer, Alekhine (Maróczy) gambit"]
[ECO "C15"]
[NIC "FR.08"]
[Time "17:06:07"]
[PlyCount "73"]
[TimeControl "1500+5"]

1. e4 e6 2. d4 d5 3. Nc3 Bb4 4. Ne2 c5 5. dxc5 Bxc5 6. exd5 Nf6 7. Bg5
Bxf2+ 8. Kxf2 Ng4+ 9. Ke1 Qxg5 10. Qd2 Qxd2+ 11. Kxd2 a6 12. g3 O-O 13. Bg2
Rd8 14. Nf4 g5 15. Nd3 exd5 16. Nxd5 Nc6 17. Nb6 Rb8 18. Nxc8 Rbxc8 19. Bh3
f5 20. Bxg4 fxg4 21. Rac1 Ne5 22. Ke2 Nf3 23. h3 Nd4+ 24. Kd2 gxh3 25. Rxh3
g4 26. Rh5 Nf3+ 27. Ke3 Re8+ 28. Kf4 Rc4+ 29. Kf5 Rce4 30. c3 Re3 31. Rd1
Rd8 32. Nf2 Rf8+ 33. Kxg4 Ne5+ 34. Kh3 Rxf2 35. Rd8+ Kg7 36. Rg5+ Kh6 37.
Rh5+ { White resigns } 0-1

[Event "ICC tourney 2532 (25 5)"]
[Site "Internet Chess Club"]
[Date "2021.04.24"]
[Round "4"]
[White "JAIN, PRISHA:K12-15089392"]
[Black "HAUPTMAN, JACK:K12-15575055"]
[Result "0-1"]
[ICCResult "White forfeits on time"]
[WhiteElo "1520"]
[BlackElo "1916"]
[Opening "Alekhine's defense"]
[ECO "B07"]
[NIC "AL.10"]
[Time "17:07:13"]
[PlyCount "70"]
[TimeControl "1500+5"]

1. e4 Nf6 2. Nc3 d6 3. d4 e6 4. Nf3 Be7 5. Bc4 O-O 6. O-O d5 7. exd5 exd5
8. Bb3 Bg4 9. h3 Bh5 10. Re1 c6 11. Bg5 Nbd7 12. Qd3 Bg6 13. Qd2 h6 14. Bh4
Re8 15. Re3 a5 16. Rae1 Ne4 17. Nxe4 dxe4 18. Bxe7 Qxe7 19. Ne5 Nxe5 20.
dxe5 Qxe5 21. Qd7 a4 22. Bc4 b5 23. Bf1 Rac8 24. Rc3 Bf5 25. Qb7 Re7 26.
Qb6 Bd7 27. f3 f5 28. Qe3 Rce8 29. b3 axb3 30. Rc5 Qd6 31. Qxb3+ Be6 32.
Qc3 Bd5 33. Rd1 exf3 34. gxf3 Qg3+ 35. Bg2 Re2 { White forfeits on time }
0-1

[Event "ICC tourney 2532 (25 5)"]
[Site "Internet Chess Club"]
[Date "2021.04.24"]
[Round "4"]
[White "BIYANOV, ALEX:K12-15198345"]
[Black "AUGUSTO BALDERAS, ADOLFO:K12-14480460"]
[Result "0-1"]
[ICCResult "White checkmated"]
[WhiteElo "1563"]
[BlackElo "1962"]
[Opening "Sicilian: accelerated fianchetto, Maróczy bind, 6.Be3"]
[ECO "B38"]
[NIC "SI.33"]
[Time "17:07:01"]
[PlyCount "114"]
[TimeControl "1500+5"]

1. e4 c5 2. Nf3 Nc6 3. d4 cxd4 4. Nxd4 g6 5. Be3 Bg7 6. c4 Nf6 7. Nc3 d6 8.
f3 O-O 9. Be2 Bd7 10. O-O a5 11. Qd2 a4 12. Nxc6 Bxc6 13. Nd5 Nd7 14. Rfd1
Bxd5 15. cxd5 a3 16. Bd4 axb2 17. Bxb2 Qb6+ 18. Bd4 Bxd4+ 19. Qxd4 Qxd4+
20. Rxd4 Ra3 21. Bb5 Nc5 22. Rb4 Rfa8 23. Bc4 Kg7 24. Rab1 Kf6 25. Kf2 Ke5
26. Rd1 g5 27. Kg3 Nxe4+ 28. Kg4 Nf2+ 29. Kxg5 Nxd1 30. f4+ Kd4 31. Bb3+
Kc5 32. Rxb7 Ne3 33. Rxe7 Nxd5 34. Rxf7 Ne3 35. Rxh7 Nxg2 36. f5 R3a7 37.
Rxa7 Rxa7 38. f6 d5 39. Kg6 Nf4+ 40. Kf5 Ne2 41. Kg6 Nd4 42. h4 Nxb3 43.
axb3 d4 44. f7 Rxf7 45. Kxf7 d3 46. h5 d2 47. h6 d1=Q 48. h7 Qf3+ 49. Kg7
Qg4+ 50. Kf8 Qf5+ 51. Kg7 Qg5+ 52. Kf7 Qh6 53. Kg8 Qg6+ 54. Kh8 Kd6 55. b4
Ke7 56. b5 Kf7 57. b6 Qg7# { White checkmated } 0-1

[Event "ICC tourney 2532 (25 5)"]
[Site "Internet Chess Club"]
[Date "2021.04.24"]
[Round "4"]
[White "METWALLY, ISMAEL:K12-14849072"]
[Black "NOZAKI, MAO:K12-14766721"]
[Result "1/2-1/2"]
[ICCResult "Game drawn by repetition"]
[WhiteElo "786"]
[BlackElo "1715"]
[Opening "French: exchange variation"]
[ECO "C01"]
[NIC "FR.01"]
[Time "17:06:09"]
[PlyCount "84"]
[TimeControl "1500+5"]

1. e4 e6 2. d4 d5 3. exd5 exd5 4. Bd3 Nc6 5. Nf3 Bg4 6. c3 Bd6 7. O-O Qd7
8. Re1+ Nge7 9. Be3 O-O-O 10. Bg5 f6 11. Be3 h5 12. Nbd2 g5 13. b4 h4 14.
h3 Bf5 15. Bxf5 Nxf5 16. Nh2 Nxe3 17. Rxe3 Kb8 18. Ndf3 Rdf8 19. Qd3 Rhg8
20. Rae1 Bf4 21. R3e2 f5 22. Ne5 Nxe5 23. dxe5 g4 24. hxg4 fxg4 25. e6 Qe7
26. Qxd5 g3 27. Nf1 h3 28. Nxg3 Bxg3 29. fxg3 Rxg3 30. Qd7 Qh4 31. e7 Rxg2+
32. Kh1 Rh2+ 33. Kxh2 Qf4+ 34. Kh1 Qf3+ 35. Kh2 Qf4+ 36. Kh1 Qf3+ 37. Kh2
Qf4+ 38. Kh1 Qf3+ 39. Kh2 Qf4+ 40. Kh1 Qf3+ 41. Kh2 Qf4+ 42. Kh1 Qf3+ {
Game drawn by repetition } 1/2-1/2

[Event "ICC tourney 2532 (25 5)"]
[Site "Internet Chess Club"]
[Date "2021.04.24"]
[Round "4"]
[White "HOWARD MCNUTT, WILLIAM:K12-14715106"]
[Black "WANG, ALEXANDER:K12-16227962"]
[Result "1-0"]
[ICCResult "Black resigns"]
[WhiteElo "1941"]
[BlackElo "1491"]
[Opening "QGD semi-Slav: 5...Nd7"]
[ECO "D45"]
[NIC "SL.08"]
[Time "17:07:26"]
[PlyCount "91"]
[TimeControl "1500+5"]

1. d4 d5 2. Nf3 Nf6 3. e3 c6 4. c4 e6 5. Nc3 Nbd7 6. a3 Be7 7. Bd3 dxc4 8.
Bxc4 b5 9. Be2 a6 10. O-O O-O 11. e4 Bb7 12. e5 Nd5 13. Nxd5 cxd5 14. b3 b4
15. Bd3 a5 16. Qe2 Qb6 17. a4 Ba6 18. Bd2 Bxd3 19. Qxd3 Rfc8 20. Rac1 Qb7
21. Bf4 Nf8 22. h4 Ng6 23. Bg5 Bxg5 24. hxg5 Rc6 25. Qe3 Rac8 26. Rc5 Ne7
27. Rfc1 Nf5 28. Qd3 Ne7 29. Nd2 Qb6 30. Qc2 g6 31. g4 Kf8 32. Kg2 Ke8 33.
f4 Kd7 34. Nf3 Rxc5 35. dxc5 Qa6 36. Nd4 Nc6 37. Nb5 Rh8 38. Rh1 Qa8 39.
Nd6 d4 40. Qe4 Ke7 41. Kg3 Qa6 42. f5 d3 43. Rd1 h6 44. fxg6 hxg5 45. Nxf7
Rg8 46. Rxd3 { Black resigns } 1-0

[Event "ICC tourney 2532 (25 5)"]
[Site "Internet Chess Club"]
[Date "2021.04.24"]
[Round "4"]
[White "SELVARAJ, SUREKHA:K12-15017163"]
[Black "M KOPP, PATRICK:K12-16363146"]
[Result "1-0"]
[ICCResult "Black checkmated"]
[WhiteElo "853"]
[BlackElo "967"]
[Opening "Pirc: Holmov system"]
[ECO "B07"]
[NIC "PU.07"]
[Time "17:07:42"]
[PlyCount "119"]
[TimeControl "1500+5"]

1. e4 d6 2. d4 Nf6 3. Nc3 g6 4. Bc4 Bg7 5. Nf3 O-O 6. O-O Nxe4 7. Nxe4 d5
8. Bxd5 Qxd5 9. Nc3 Qd8 10. Bg5 Bg4 11. Qd3 Nc6 12. d5 Nb4 13. Qe4 Bxf3 14.
Qxf3 Nxc2 15. Rac1 Nd4 16. Qe4 f5 17. Qh4 Rf7 18. Rfe1 Bf6 19. Re3 Qd7 20.
Bxf6 exf6 21. Qxd4 c6 22. Rh3 Re8 23. Qh4 cxd5 24. Na4 b6 25. Re3 Rxe3 26.
fxe3 g5 27. Qd4 Re7 28. Re1 f4 29. Qxf6 Rg7 30. Nc3 fxe3 31. Rxe3 d4 32.
Rd3 Qe8 33. Rd1 dxc3 34. Rd8 Qxd8 35. Qxd8+ Kf7 36. bxc3 Kg6 37. c4 h6 38.
Qe8+ Kh7 39. a4 a5 40. Qe4+ Kh8 41. Qe5 g4 42. g3 Kh7 43. Qf5+ Kh8 44. Qf6
Kh7 45. Qxb6 Rg6 46. Qb7+ Rg7 47. Qe4+ Rg6 48. Qe7+ Rg7 49. Qc5 Ra7 50.
Qxa7+ Kg6 51. c5 Kf5 52. c6 Ke4 53. c7 Kf3 54. c8=Q Ke2 55. Qe8+ Kd2 56.
Qad7+ Kc2 57. Qec8+ Kb3 58. Qb5+ Ka3 59. Qc3+ Ka2 60. Qbb2# { Black
checkmated } 1-0

[Event "ICC tourney 2532 (25 5)"]
[Site "Internet Chess Club"]
[Date "2021.04.24"]
[Round "4"]
[White "BIRADAVOLU, ASRITH:K12-14190950"]
[Black "QIAN, BILL:K12-15206304"]
[Result "0-1"]
[ICCResult "White resigns"]
[WhiteElo "1445"]
[BlackElo "1848"]
[Opening "Queen's pawn: London system"]
[ECO "A45"]
[NIC "QP.07"]
[Time "17:07:06"]
[PlyCount "172"]
[TimeControl "1500+5"]

1. d4 Nf6 2. Bf4 g6 3. e3 Bg7 4. Nd2 d5 5. Be2 Nbd7 6. h3 O-O 7. c3 Re8 8.
Ngf3 b6 9. Bh2 c5 10. Ne5 Bb7 11. O-O Rc8 12. f4 e6 13. Rc1 Re7 14. Qe1 Ne8
15. Qg3 f6 16. Ng4 Nd6 17. h4 Nf5 18. Qh3 h5 19. Nf2 Nh6 20. g4 Qe8 21.
gxh5 gxh5 22. Kh1 f5 23. Nf3 Ng4 24. Ne5 Ndxe5 25. fxe5 Bh6 26. Nxg4 hxg4
27. Qg3 Rh7 28. Qf2 Qh5 29. Kg2 Bg5 30. Bg3 Qh6 31. Bf4 Qxh4 32. Qxh4 Bxh4
33. Rh1 Rcc7 34. Rh2 Bd8 35. Rch1 Rxh2+ 36. Rxh2 Rh7 37. Rxh7 Kxh7 38. Kg3
c4 39. b3 cxb3 40. axb3 Bc6 41. Ba6 Kg6 42. c4 Be7 43. Bc8 Kf7 44. Kf2 dxc4
45. bxc4 a5 46. Ke2 a4 47. Kd2 a3 48. Kc3 Bh4 49. Kb3 g3 50. Kxa3 g2 51.
Bh2 Bf2 52. Kb4 g1=Q 53. Bxg1 Bxg1 54. d5 exd5 55. cxd5 Bxd5 56. Bxf5 Bxe3
57. Kb5 Bc5 58. Ka4 Bc6+ 59. Kb3 Bd4 60. Kc4 Bxe5 61. Bd3 Ke7 62. Kb4 Kd6
63. Kc4 Bf4 64. Kd4 Be5+ 65. Kc4 Bg3 66. Kd4 Bf2+ 67. Kc3 Kc5 68. Kb3 b5
69. Bxb5 Bxb5 70. Kc3 Bd4+ 71. Kd2 Kd5 72. Kc2 Bc4 73. Kd2 Ke4 74. Ke1 Be3
75. Kd1 Kd3 76. Ke1 Bb6 77. Kd1 Bc5 78. Ke1 Bd5 79. Kd1 Bb3+ 80. Ke1 Ke3
81. Kf1 Kf3 82. Ke1 Bb4+ 83. Kf1 Bc4+ 84. Kg1 Kg3 85. Kh1 Ba5 86. Kg1 Bb6+
{ White resigns } 0-1